cohdb
Replays
Latest Replays
All Replays
Popular Replays
Top Player Replays
Match Explorer
How It Works
Community
CoH3 Stats
Reddit
Sign in to upload your games and track your stats! →
Sign in with Steam
Match 38051450
Unlisted
Match 38051450
Overview
Messages
Build Orders
End
Pioneer Squad
Construct Infanterie Kompanie
Selects Mechanized Battlegroup
Grenadier Squad
MG 42 Machine Gun Team
Grenadier Squad
Construct Panzergrenadier Kompanie
251 Medium Carrier
Selects Spotting Scopes
Pak 40 Anti-tank Gun Team
MG 42 Machine Gun Team
Construct Panzer Kompanie
Medical Bunker
Selects Wespe Self-propelled Artillery
Wespe Self-propelled Artillery
Wespe Self-propelled Artillery
Stoßtruppen Squad
Selects Zeroing Artillery Barrage
Panzer IV Medium Tank
Selects Raid Package
Selects 8 Rad Armored Car
Panzer IV Medium Tank
Side Skirts
Panzer Officer Quarters
Zeroing Artillery Barrage
Stoßtruppen Squad
Panzer IV Medium Tank
Armored Legio
Haxses
Tomakaze
sharpshooter
0
0
Comments
sign in to comment!
No comments posted yet!